 Dungeon Crawl Stone Soup version 0.28.0-45-g0d030f2227 (webtiles) character file.

Game seed: 540113139104835619

15 NinjaNoafa the Firebug (level 2, -4/20 HPs)
             Began as a Hill Orc Fire Elementalist on Apr 4, 2022.
             Slain by a gnoll
             ... wielding a +0 whip of freezing
              (8 damage)
             ... on level 1 of the Dungeon.
             The game lasted 00:01:55 (499 turns).

NinjaNoafa the Firebug (Hill Orc Fire Elementalist)  Turns: 499, Time: 00:01:55

Health: -4/20      AC:  2    Str: 10    XL:     2   Next: 50%
Magic:  2/4        EV: 12    Int: 15    God:
Gold:   11         SH:  0    Dex: 11    Spells: 3/4 levels left

rFire   . . .      SeeInvis .   c - +0 short sword
rCold   . . .      Faith    .   (no shield)
rNeg    . . .      Spirit   .   a - +0 robe
rPois   .          Reflect  .   (no helmet)
rElec   .          Harm     .   (no cloak)
rCorr   .          Rampage  .   (no gloves)
Will    .....                   (no boots)
Stlth   ++........              (no amulet)
HPRegen 0.06/turn               (no ring)
MPRegen 0.09/turn               (no ring)

@: no status effects
A: no striking features
a: no special abilities


You were on level 1 of the Dungeon.
You visited 1 branch of the dungeon, and saw 1 of its levels.

You collected 11 gold pieces.

Inventory:

Hand Weapons
 c - a +0 short sword (weapon)
Missiles
 b - 19 stones
 f - 20 sling bullets
Armour
 a - a +0 robe (worn)
Scrolls
 e - a scroll of magic mapping


   Skills:
 + Level 1.7 Dodging
 + Level 1.8 Stealth
 + Level 1.7 Spellcasting
 + Level 1.2 Conjurations
 * Level 3.6 Fire Magic


You had 3 spell levels left.
You knew the following spells:

 Your Spells              Type           Power      Damage    Failure   Level
a - Foxfire               Conj/Fire      32%        2x1d5     9%          1

Your spell library contained the following spells:

 Spells                   Type           Power      Damage    Failure   Level
 Scorch                   Fire           24%        2d6       8%          2
 Conjure Flame            Conj/Fire      8%         6-21      26%         3
 Inner Flame              Hex/Fire       6%         N/A       32%         3
 Flame Wave               Conj/Fire      8%         2d5       63%         4


Dungeon Overview and Level Annotations

Branches:
Dungeon (1/15)

Altars:


Message History

A rat comes into view.
Casting: Foxfire (safe; 9% risk of failure)
Confirm with . or Enter, or press ? or * to list all spells.
You conjure some foxfire!
The gnoll hits you with a +0 whip of freezing.
* * * LOW HITPOINT WARNING * * *
The gnoll freezes you.
* * * LOW HITPOINT WARNING * * *
The foxfire hits the gnoll but does no damage.
The gnoll is lightly wounded.
The foxfire hits the gnoll.
The gnoll is moderately wounded.
The gnoll closely misses you.
You aren't carrying any potions.
A ball python comes into view.
Things that are here:
a +0 club; a bat skeleton; a goblin skeleton A kobold comes into view.
It is wielding a +3 short sword.
The kobold shouts!
A kobold comes into view. It is wielding a +0 whip.
The gnoll misses you.
The kobold throws a stone.
The stone barely misses you. The rat closely misses you.
Casting: Foxfire (safe; 9% risk of failure)
Confirm with . or Enter, or press ? or * to list all spells.
You miscast Foxfire.
You are very lightly contaminated with residual magic.
Nothing appears to happen.
The gnoll barely misses you.
Your magical contamination has completely faded away.
There is an open door here.
Casting: Foxfire (safe; 9% risk of failure)
Confirm with . or Enter, or press ? or * to list all spells.
You conjure some foxfire!
The gnoll barely misses you.
The foxfire hits the gnoll.
The gnoll is heavily wounded.
The foxfire hits the gnoll.
The gnoll is almost dead.
The gnoll closely misses you.
The gnoll hits you with a +0 whip of freezing!
You die...

#.....#.#.# #...
...#...#.....# ###.
...#...####.## #...
#..##..####.####.##
#..##..............
#..##.K.##....r....
#..##.#.......÷...#
##..##.##...........
##..@##.##.#.....)..#
#..§g##.##.#.........
+..§.r..##.###..###.#
#....#K.##.##...##...
##...#..##.##.#....#.
##..#.###.##....###.
#..##. .......## #.
#..# . #.#.## #. #..#
.. ... ##


You could see a gnoll, a kobold and a rat.

Vanquished Creatures
  A dart slug (D:1)
  2 bats (D:1)
  An endoplasm (D:1)
  A quokka (D:1)
  A frilled lizard (D:1)
  3 goblins (D:1)
  2 kobolds (D:1)
  2 rats (D:1)
13 creatures vanquished.

Vanquished Creatures (others)
  30 foxfires (D:1)
30 creatures vanquished.

Grand Total: 43 creatures vanquished

Notes
Turn   | Place    | Note
-------+----------+-------------------------------------------
     0 | D:1      | NinjaNoafa the Hill Orc Fire Elementalist began the quest
                  | for the Orb.
     0 | D:1      | Reached XP level 1. HP: 14/14 MP: 3/3
    72 | D:1      | Reached XP level 2. HP: 5/20 MP: 0/4
   455 | D:1      | HP: 1/20 [gnoll/+0 whip of freezing (2)]
   499 | D:1      | Slain by a gnoll

Illustrated notes

Levels and vault maps discovered:
D:1:      giann_horns, layout_rooms, ebering_ecumenical_altar_hall,
          serial_glass, glass_columns_a, glass_columns_b, glass_columns_b,
          glass_columns_a

Action                   || total
-------------------------++-------
Melee: Unarmed           ||    12
       Short sword       ||     7
       Punch             ||     1
 Cast: Foxfire           ||    18
  Use: Scroll            ||     1
Armor: Robe              ||    13
Dodge: Dodged            ||    52
